 Dungeon Crawl Stone Soup version 0.28.0-53-g5a82cb258f (webtiles) character file.

Game seed: 3643041398288400180

3479 Peloso the Carver (level 9, -3/79 HPs)
             Began as a Minotaur Fighter on July 16, 2022.
             Was a Believer of Okawaru.
             Shot with an arrow by a centaur (10 damage)
             ... on level 10 of the Dungeon.
             The game lasted 00:13:39 (7451 turns).

Peloso the Carver (Minotaur Fighter)                Turns: 7451, Time: 00:13:39

Health: -3/79      AC: 20    Str: 23    XL:     9   Next: 79%
Magic:  8/8        EV:  9    Int:  5    God:    Okawaru [**....]
Gold:   436        SH:  5    Dex: 12    Spells: 8/8 levels left

rFire   . . .      SeeInvis .   a - +0 long sword
rCold   . . .      Faith    .   c - +0 buckler
rNeg    . . .      Spirit   .   g - +4 chain mail
rPois   +          Reflect  .   (helmet restricted)
rElec   .          Harm     .   (no cloak)
rCorr   .          Rampage  .   x - +0 pair of gloves
Will    .....                   (no boots)
Stlth   ..........              (no amulet)
HPRegen 0.23/turn               f - +4 ring of protection
MPRegen 0.11/turn               h - ring of poison resistance

@: no status effects
A: horns 2, retaliatory headbutt
a: Renounce Religion, Heroism


You were on level 10 of the Dungeon.
You worshipped Okawaru.
Okawaru was pleased with you.
You visited 2 branches of the dungeon, and saw 11 of its levels.

You collected 436 gold pieces.

Inventory:

Hand Weapons
 a - a +0 long sword (weapon)
Armour
 b - a +0 scale mail
 c - a +0 buckler (worn)
 g - a +4 chain mail (worn)
 o - a +0 plate armour
 x - a +0 pair of gloves (worn)
Jewellery
 f - a +4 ring of protection (left hand)
 h - a ring of poison resistance (right hand)
 r - a +6 ring of dexterity
 t - a ring of magical power
Wands
 j - a wand of charming (5)
 m - a wand of iceblast (17)
 s - a wand of flame (33)
Scrolls
 p - a scroll of noise {unknown}
 q - 3 scrolls of fear
 u - a scroll of immolation {unknown}
 v - 3 scrolls of identify
Potions
 d - 3 potions of might
 i - a potion of mutation
 k - a potion of ambrosia
 l - a potion of attraction {unknown}
 n - a potion of haste
 w - a potion of resistance {unknown}
 z - a potion of lignification {unknown}


   Skills:
 + Level 7.5 Fighting
 + Level 11.2 Long Blades
 + Level 8.9 Armour
 + Level 3.0 Dodging
 + Level 0.6 Stealth
 + Level 6.9 Shields
 + Level 0.3 Unarmed Combat
 + Level 0.3 Evocations


You had 8 spell levels left.
You didn't know any spells.
Your spell library contained the following spells:

 Spells                   Type           Power      Damage    Failure   Level
 Ozocubu's Armour         Ice            0%         N/A       100%        3
 Ozocubu's Refrigeration  Ice            0%         4d5       100%        7


Dungeon Overview and Level Annotations

Branches:
Dungeon (10/15)            Temple (1/1) D:7
   Lair: D:8-11         Orc: D:9-12

Altars:
Ashenzari
Elyvilon
Gozag
Kikubaaqudgha
Okawaru
The Shining One

Shops:
D:1 *

Annotations:
D:4 Dowan, Duvessa
D:9 Joseph, Prince Ribbit


Innate Abilities, Weirdness & Mutations

You have a pair of horns on your head.
You reflexively headbutt those who attack you in melee.


Message History

The wraith completely misses you. You furiously retaliate!
You headbutt the wraith!
You destroy the wraith!
Okawaru accepts your kill.
The orc wizard gestures at you while chanting.
You are confused.
Your base Dodging skill increases to level 3!
You feel better.
You closely miss the orc wizard.
The orc wizard hits you but does no damage.
You hit the orc wizard. You headbutt the orc wizard.
The orc wizard is heavily wounded.
You block the orc wizard's attack.
You slice the orc wizard!!
You kill the orc wizard!
Okawaru accepts your kill.
A two-headed ogre comes into view. It is wielding two +0 giant clubs.
Things that are here:
a +0 dagger; a +0 robe; an orc corpse You feel like a meek peon again.
A yak comes into view.
There is a stone staircase leading up here.
The yak bellows!
A vampire mosquito comes into view.
The vampire mosquito moves out of view.
Found a stone staircase leading up.
You feel yourself speed up. You block the two-headed ogre's attack.
The two-headed ogre hits you but does no damage.
A centaur comes into view.
The centaur shouts!
The centaur wields a +0 shortbow.
The centaur shoots an arrow.
The arrow hits you.
* * * LOW HITPOINT WARNING * * *
The centaur shoots an arrow.
The arrow barely misses you.
The centaur shoots an arrow.
You block the arrow.
The centaur shoots an arrow.
The arrow hits you.
* * * LOW HITPOINT WARNING * * *
The centaur shoots an arrow.
The arrow hits you!
You die...

#.# #.# #### #.# #.. #
#.# #.# ..#####.###.#
....<.......####
..c..........).#
.......@.O..Y.<##.##.#
..............).......
#####.#########.######
#. #.# # .Y. .#.# ...#
# #.. #.


You could see a two-headed ogre, a yak and a centaur.

Vanquished Creatures
  3 centaur zombies
  Psyche (D:8)
  Grinder (D:6)
  A shadow (D:9)
  A wraith (D:10)
  2 water moccasins
  2 orc warriors
  A black bear (D:5)
  An ogre (D:5)
  A sky beast (D:7)
  A necrophage (D:6)
  A centaur (D:8)
  2 kobold brigands
  A bullfrog (D:6)
  4 scorpions
  A water moccasin skeleton (D:6)
  6 wights
  2 howler monkeys (D:9)
  3 bullfrog zombies (D:6)
  3 hounds
  A jelly (D:7)
  2 gnoll shamans (D:7)
  A bullfrog skeleton (D:6)
  An iguana (D:5)
  3 orc wizards
  4 killer bee zombies
  A hound zombie (D:5)
  14 gnolls
  A howler monkey skeleton (D:6)
  7 adders
  A shadow imp (D:8)
  An ufetubus (D:5)
  3 worms
  A dart slug (D:2)
  16 orcs
  6 endoplasms
  2 giant cockroaches (D:1)
  6 goblins
  6 hobgoblins
  3 jackals
  7 quokkas
  7 ball pythons
  8 bats
  3 frilled lizards
  12 kobolds
  3 rats (D:2)
158 creatures vanquished.

Notes
Turn   | Place    | Note
-------+----------+-------------------------------------------
     0 | D:1      | Peloso the Minotaur Fighter began the quest for the Orb.
     0 | D:1      | Reached XP level 1. HP: 19/19 MP: 0/0
   124 | D:1      | Reached XP level 2. HP: 27/27 MP: 1/1
   189 | D:1      | Found Ohorghodo's Assorted Antiques.
  1077 | D:2      | Reached skill level 3 in Long Blades
  1077 | D:2      | Reached XP level 3. HP: 33/33 MP: 2/2
  1342 | D:2      | Reached skill level 1 in Dodging
  1348 | D:2      | Reached XP level 4. HP: 26/41 MP: 3/3
  1703 | D:2      | Identified the +11 quarterstaff of Resourcefulness {venom,
                  | Int+8}
  1921 | D:3      | Found a white marble altar of Elyvilon.
  2015 | D:3      | Reached skill level 4 in Long Blades
  2642 | D:4      | Reached XP level 5. HP: 47/47 MP: 4/4
  2650 | D:4      | Noticed Duvessa
  2661 | D:4      | Noticed Dowan
  2696 | D:5      | Entered Level 5 of the Dungeon
  2696 | D:5      | Noticed an ogre
  2707 | D:5      | Killed an ogre
  2708 | D:5      | Reached skill level 5 in Armour
  2845 | D:5      | Reached XP level 6. HP: 55/55 MP: 5/5
  2906 | D:5      | Reached skill level 5 in Long Blades
  3002 | D:5      | Reached skill level 5 in Fighting
  3096 | D:5      | Identified the +1 scale mail of Jurchiom {Harm rF+ SInv}
  3376 | D:5      | Reached XP level 7. HP: 42/61 MP: 6/6
  3521 | D:5      | Reached skill level 6 in Long Blades
  4649 | D:6      | Reached skill level 7 in Long Blades
  4695 | D:6      | Noticed Grinder
  4707 | D:6      | Paralysed by Grinder for 4 turns
  4715 | D:6      | Paralysed by Grinder for 7 turns
  4723 | D:6      | Killed Grinder
  4724 | D:6      | Reached skill level 5 in Shields
  4724 | D:6      | Reached XP level 8. HP: 27/70 MP: 7/7
  5227 | D:6      | Reached skill level 8 in Long Blades
  5522 | D:6      | Reached skill level 9 in Long Blades
  5858 | D:7      | Reached XP level 9. HP: 75/78 MP: 8/8
  5876 | D:7      | Found a staircase to the Ecumenical Temple.
  5903 | Temple   | Entered the Ecumenical Temple
  6055 | Temple   | Became a worshipper of Warmaster Okawaru
  6530 | D:8      | Reached skill level 10 in Long Blades
  6636 | D:7      | Reached * piety under Okawaru
  7196 | D:8      | Noticed Psyche
  7202 | D:8      | Killed Psyche
  7319 | D:8      | Reached ** piety under Okawaru
  7320 | D:8      | Reached skill level 11 in Long Blades
  7386 | D:9      | Noticed Joseph
  7403 | D:9      | Noticed a troll
  7417 | D:9      | Noticed Prince Ribbit
  7434 | D:10     | Entered Level 10 of the Dungeon
  7437 | D:10     | HP: 1/79 [wraith (7)]
  7442 | D:10     | Noticed a two-headed ogre
  7451 | D:10     | Shot with an arrow by a centaur

Illustrated notes

Levels and vault maps discovered:
D:1:      eino_arrival_cavern_a, layout_basic, serial_shops,
          nicolae_shop_advertising_works [nicolae_subvault_shop_adworks],
          minmay_quantized
D:2:      minmay_chambers_of_ones, layout_basic, minmay_misc_feat_plants,
          minivault_5
D:3:      layout_rooms, mainiacjoe_overflow_cross_hatched,
          kennysheep_generic_room_16
D:4:      layout_rooms, mainiacjoe_overflow_tiny_flanked, uniq_duvessa
D:5:      layout_basic, minmay_fountain_box
D:6:      layout_loops_corners, uniq_grinder
D:7:      layout_loops_ring, minmay_temple_entry_antechambers,
          dk_rats_in_the_wall
D:8:      layout_cave_pools, uniq_psyche
D:9:      layout_rooms, orc_david_3, uniq_joseph, uniq_prince_ribbit1
D:10:     minmay_the_grid_3x2 [minmay_the_grid_paths,
          minmay_the_grid_minigrid_small_alt, minmay_the_grid_doors,
          minmay_the_grid_holed_spiral, minmay_the_grid_square_x,
          minmay_the_grid_prize_four_corners_diamond_a], layout_loops_ring,
          david_lair_shrubbed
Temple:   mainiacjoe_temple_big_plus

Skill      XL: |  1  2  3  4  5  6  7  8  9 |
---------------+----------------------------+-----
Shields        | 4 5 6 |  6.9
Fighting       | 4 5 6 7 |  7.5
Armour         | 4 5 6 7 8 |  8.9
Long Blades    | 3 4 5 7 9 11 | 11.2
Dodging        | 1 2 3 |  3.0
Stealth        | |  0.6
Unarmed Combat | |  0.3
Evocations     | |  0.3

Action                   |  1- 3 |  4- 6 |  7- 9 || total
-------------------------+-------+-------+-------++-------
Melee: Long sword        |    86 |   141 |   305 ||   532
       Headbutt          |     9 |    18 |    55 ||    82
       Unarmed           |       |       |     3 ||     3
Invok: Heroism           |       |       |     1 ||     1
Evoke: Wand              |       |       |     2 ||     2
  Use: Scroll            |       |     9 |     2 ||    11
       Potion            |       |       |     3 ||     3
Armor: Scale mail        |    19 |       |       ||    19
       Chain mail        |    42 |    82 |   226 ||   350
       Plate armour      |       |       |     3 ||     3
       Skin              |       |       |     1 ||     1
Dodge: Dodged            |    39 |    57 |   139 ||   235
Block: Buckler           |    28 |    35 |    91 ||   154
